 Dungeon Crawl Stone Soup version 0.23.2-30-g0e89c35649 (webtiles) character file.

Game seed: 13977891660766148124

35 StandStab the Shield-Bearer (level 3, -1/33 HPs)
             Began as a Minotaur Fighter on June 15, 2019.
             Slain by a hobgoblin
             ... wielding a +0 club
              (5 damage)
             ... on level 2 of the Dungeon.
             The game lasted 00:05:15 (477 turns).

StandStab the Shield-Bearer (Minotaur Fighter)       Turns: 477, Time: 00:05:15

Health: -1/33      AC:  8    Str: 21    XL:     3   Next: 16%
Magic:  2/2        EV:  7    Int:  5    God:
Gold:   3          SH:  9    Dex: 12    Spells: 2/2 levels left

rFire    . . .     SeeInvis .   a - +0 war axe
rCold    . . .     Gourm    .   c - +0 shield
rNeg     . . .     Faith    .   b - +0 scale mail
rPois    .         Spirit   .   (helmet restricted)
rElec    .         Reflect  .   (no cloak)
rCorr    .         Harm     .   e - +0 pair of gloves
MR       .....                  (no boots)
Stlth    ..........             (no amulet)
HPRegen  0.11/turn              D - +3 ring of dexterity
MPRegen  0.08/turn              (no ring)

@: no status effects
A: retaliatory headbutt, horns 2
a: no special abilities


You were on level 2 of the Dungeon.
You were not hungry.

You visited 1 branch of the dungeon, and saw 2 of its levels.

You collected 3 gold pieces.


Innate Abilities, Weirdness & Mutations

You reflexively headbutt those who attack you in melee.
You have a pair of horns on your head.


   Skills:
 + Level 4.1 Fighting
 + Level 3.0 Axes
 + Level 4.1 Armour
 + Level 4.1 Shields


You had 2 spell levels left.
You didn't know any spells.
Your spell library was empty.

Inventory:

Hand Weapons
 a - a +0 war axe (weapon)
Armour
 b - a +0 scale mail (worn)
 c - a +0 shield (worn)
 e - a +0 pair of gloves (worn)
Jewellery
 D - a +3 ring of dexterity (left hand)
Wands
 k - a wand of acid (9)
Scrolls
 h - a scroll of enchant weapon {unknown}
 j - 2 scrolls of teleportation {unknown}
 l - a scroll of blinking {unknown}
Potions
 d - a potion of might
 i - a potion of curing {unknown}
Comestibles
 f - 6 rations {@e1}
 g - 2 chunks of flesh

Dungeon Overview and Level Annotations

Branches:
Dungeon (2/15)

Altars:
Dithmenos
Okawaru
Yredelemnul

Annotations:
D:2 Sigmund

#.#########
#.##.#
###.##.#
#...##.#
#####.#.##.#
#........#.#
#..........#
#..........#
...♣.♣....#
♣. ♣..@.#
♣{g..#
#......†...#
#..........#
...........#
....#.###.##
###..# #.#
#.# #.# #.
.#


You could see a hobgoblin.


Message History

Your Axes skill increases to level 3!
You have reached level 3!
Your experience leads to an increase in your attributes!
Your base attributes are Str 20, Int 5, Dex 9.
Increase (S)trength, (I)ntelligence, or (D)exterity?
Uppercase letters only, please.
You feel stronger.
You completely miss the hobgoblin.
You are confused.
The hobgoblin barely misses you.
A puff of flame appears from out of thin air!
The puff of flame hits you.
You bump into the tree.
The hobgoblin hits you but does no damage.
You're too confused to move!
The hobgoblin barely misses you.
The hobgoblin hits you but does no damage.
You miss the hobgoblin.
The hobgoblin is lightly wounded.
The hobgoblin hits you with a +0 club.
* * * LOW HITPOINT WARNING * * *
Something hits you!
* * * LOW HITPOINT WARNING * * *
You feel less confused.
You closely miss the hobgoblin. Your headbutt misses the hobgoblin.
The hobgoblin is lightly wounded.
You block the hobgoblin's attack. Something hits you.
* * * LOW HITPOINT WARNING * * *
The hobgoblin hits you with a +0 club.
You die...

Skill      XL: |  1  2 |
---------------+-------+-----
Fighting       | 4 |  4.1
Armour         | 4 |  4.1
Shields        | 4 |  4.1
Axes           | 3 |  3.0

Action                   || total
-------------------------++-------
Melee: War axe           ||    44
       Headbutt          ||     8
Armor: Scale mail        ||    32
Dodge: Dodged            ||    18
Block: Shield            ||    36

Levels and vault maps discovered:
D:1:      scummos_arrival_gate, layout_basic, minmay_pentomino_r2
D:2:      layout_loops_ring, gammafunk_temple_overflow_statue,
          lemuel_coloured_pillars_altar, first_ration, chequers_garden,
          uniq_robin, uniq_terence, uniq_sigmund, uniq_natasha

Notes
Turn   | Place    | Note
-------+----------+-------------------------------------------
     0 | D:1      | StandStab the Minotaur Fighter began the quest for the Orb.
     0 | D:1      | Reached XP level 1. HP: 19/19 MP: 0/0
    86 | D:1      | You fall through a shaft!
    86 | D:2      | Found a basalt altar of Yredelemnul.
    96 | D:2      | Reached XP level 2. HP: 11/27 MP: 1/1
   394 | D:2      | Found a shadowy altar of Dithmenos.
   394 | D:2      | Found an iron altar of Okawaru.
   433 | D:2      | Reached skill level 4 in Fighting
   433 | D:2      | Reached skill level 4 in Armour
   433 | D:2      | Reached skill level 4 in Shields
   467 | D:2      | Noticed Sigmund
   471 | D:2      | Reached skill level 3 in Axes
   471 | D:2      | Reached XP level 3. HP: 25/33 MP: 2/2
   477 | D:2      | Slain by a hobgoblin

Vanquished Creatures
  2 adders (D:2)
  A giant cockroach (D:2)
  2 goblins (D:2)
  2 hobgoblins (D:2)
  3 bats (D:2)
  7 kobolds
  2 rats
19 creatures vanquished.

Table legend:
 A = Turns spent in this place as a percentage of turns spent in the entire game.
 B = Non-inter-level travel turns spent in this place as a percentage of non-inter-level travel turns spent in the entire game.
 C = Inter-level travel turns spent in this place as a percentage of turns spent in this place.
 D = Turns resting spent in this place as a percentage of non-inter-level travel turns spent in this place.
 E = Turns spent auto-exploring this place as a percentage of non-inter-level travel turns spent in this place.
 F = Non-inter-level travel turns spent in this place divided by the number of levels of this place that you've seen.
                   A       B       C       D       E      F
               +-------+-------+-------+-------+-------+----------------------
         Total | 100.0 | 100.0 |   0.0 |  30.8 |  43.8 | 238.5
       Dungeon | 100.0 | 100.0 |   0.0 |  30.8 |  43.8 | 238.5
               +-------+-------+-------+-------+-------+----------------------

Table legend:
 A = Non-vault XP
 B = Vault XP
 C = Vault XP percentage of total XP
 D = Non-vault monster count
 E = Vault monster count
 F = Vault count percentage of total count
                 A         B        C        D         E       F
            +---------+---------+-------+---------+---------+-------
      Total |      50 |       0 |   0.0 |      19 |       0 |   0.0
            +---------+---------+-------+---------+---------+-------
        D:1 |       5 |       0 |   0.0 |       4 |       0 |   0.0
        D:2 |      45 |       0 |   0.0 |      15 |       0 |   0.0
            +---------+---------+-------+---------+---------+-------
